 Dungeon Crawl Stone Soup version 0.31-a0-596-g831eee08f1 (webtiles) character file.

Game seed: 7380179263098519733

13097 rjrrt the Cleaver (level 11, -1/99 HPs)
             Began as a Minotaur Berserker on Aug 20, 2023.
             Was a High Priest of Trog.
             Succumbed to a black mamba's poison
             ... on level 2 of the Lair of Beasts.
             The game lasted 00:20:34 (11203 turns).

rjrrt the Cleaver (Minotaur Berserker)             Turns: 11203, Time: 00:20:36

Health: -1/99      AC: 10    Str: 26    XL:     11   Next: 71%
Magic:  10/10      EV: 24    Int:  4    God:    Trog [*****.]
Gold:   573        SH:  0    Dex: 10    Spells: 10/10 levels left

rFire   + . .        a - +1 war axe (venom)
rCold   . . .        (no shield)
rNeg    . . .        r - +1 leather armour {rPois}
rPois   +            (helmet restricted)
rElec   .            n - +0 cloak
rCorr   .            u - +2 pair of gloves
SInv    .            (no boots)
Will    .....        s - amulet of faith
Stlth   +            q - ring of protection from fire
HPRegen 0.36/turn    E - ring of the Hare {EV+10}
MPRegen 0.12/turn

%: faith
@: lethally poisoned (-1 -> -5), on berserk cooldown, slowed, very slow
A: horns 2, retaliatory headbutt
a: Renounce Religion, Berserk, Trog's Hand, Brothers in Arms


You were on level 2 of the Lair of Beasts.
You worshipped Trog.
Trog was extremely pleased with you.
You visited 2 branches of the dungeon, and saw 11 of its levels.
You also visited: Ossuary.

You collected 573 gold pieces.

Inventory:

Hand Weapons
 a - a +1 war axe of venom (weapon)
 y - a +0 trident
Missiles
 l - 2 throwing nets
 m - 3 javelins
 B - 2 boomerangs (quivered)
Armour
 n - a +0 cloak (worn)
 r - a +1 leather armour of poison resistance (worn)
 u - a +2 pair of gloves (worn)
Jewellery
 q - a ring of protection from fire (left hand)
 s - an amulet of faith (around neck)
 E - the ring of the Hare (right hand) {EV+10}
   (You found it on level 1 of the Lair of Beasts)

   [ring of evasion]

   EV+10:     It affects your evasion (+10).
 F - a ring of positive energy
Wands
 j - a wand of mindburst (20)
 o - a wand of flame (70)
 G - a wand of charming (11)
Scrolls
 e - a scroll of fog
 f - 4 scrolls of teleportation
 g - a scroll of fear
 h - a scroll of enchant weapon
 p - a scroll of immolation
 v - a scroll of poison
 z - a scroll of blinking
Potions
 b - 2 potions of might
 c - 2 potions of invisibility
 d - 4 potions of curing
 i - 2 potions of resistance
 k - 5 potions of enlightenment
 t - 2 potions of mutation
 w - 2 potions of berserk rage
 x - a potion of haste {unknown}
 A - 4 potions of heal wounds
 C - a potion of lignification {unknown}
 H - a potion of attraction {unknown}


   Skills:
 + Level 10.1 Fighting
 + Level 14.3 Axes
 - Level 4.0 Throwing
 + Level 9.7 Armour
 + Level 8.8 Dodging
 - Level 1.0 Stealth
 - Level 4.0 Evocations


You had 10 spell levels left.
You didn't know any spells.
Your spell library was empty.

Dungeon Overview and Level Annotations

Branches:
Dungeon (8/15)             Temple (0/1) D:7            Lair (3/5) D:8
 Shoals (0/4) Lair:2      Ossuary (visited)
  Snake: Lair:2-3    Spider: Lair:2-3

Altars:
Ashenzari
Cheibriados
Okawaru
The Shining One


Innate Abilities, Weirdness & Mutations

You have a pair of horns on your head.
You reflexively headbutt those who attack you in melee.


Message History

Your Fighting skill increases to level 10!
You slice the cane toad!!
You kill the cane toad!
Trog accepts your kill.
You slash the yak!
* * * LOW HITPOINT WARNING * * *
You feel sick.
Unknown command.
You barely miss the yak.
The yak is lightly wounded.
* * * LOW HITPOINT WARNING * * *
You feel sick. The yak closely misses you. You furiously retaliate!
You headbutt the yak!
Unknown command.
You slice the yak!!
You kill the yak!
Trog accepts your kill.
* * * LOW HITPOINT WARNING * * *
You feel sick.
Unknown command.
* * * LOW HITPOINT WARNING * * *
You feel sick.
Things that are here:
a yak corpse; a black mamba corpse 2 yaks come into view.
You feel a strong urge to attack something.
* * * LOW HITPOINT WARNING * * *
You feel sick.
The yak bellows!
You hear a bellow! x2
A yak comes into view. x3
The yak moves out of view.
There is a stone staircase leading up here.
You are no longer berserk.
You are exhausted.
You feel yourself slow down.
* * * LOW HITPOINT WARNING * * *
You feel sick.
The yak bellows!
You climb upwards.
You die...

#.........P.....................
##............................##.
#..........#........#.........#..
###...................###....##..
###..............)...♣..##...#...
...................#.....##.##...
..........................##....#
.....................#.........##
.........P......@..........♣....#
).....!...##...........#.......##
..........##.............♣...♣.#
.......................#.......#
....##.##..............#...♣...##
...######.............##........#
...# #............##...##.....
...# ###............#...##.##...
..## #.#.........?..#...#....#..


There were no monsters in sight!

Vanquished Creatures
  A two-headed ogre (D:8)
  4 black mambas
  5 cane toads
  9 komodo dragons
  A rime drake (Lair:1)
  Prince Ribbit (D:6)
  4 blink frogs (Lair:1)
  3 wyverns
  7 yaks
  2 basilisks
  3 steam dragons
  3 water moccasins
  3 orc warriors
  A black bear (D:5)
  3 sky beasts
  2 ogres
  6 centaurs
  4 phantoms
  2 kobold brigands (D:8)
  7 bullfrogs
  3 scorpions
  A crimson imp (D:5)
  3 centaur zombies (Ossuary)
  2 jellies
  5 orc priests
  Crazy Yiuf (D:2)
  4 hounds
  A gnoll bouda (D:8)
  2 sleepcaps (D:6)
  Natasha (thrice) (D:3)
  14 iguanas
  8 orc wizards
  7 mummies
  11 gnolls
  6 adders
  3 white imps
  2 worms (D:2)
  3 dart slugs
  44 orcs
  6 bats
  5 endoplasms
  4 giant cockroaches
  5 goblins
  10 hobgoblins
  4 jackals (D:3)
  4 quokkas
  4 ball pythons
  18 frilled lizards
  A hobgoblin zombie (Ossuary)
  21 kobolds
  2 orc zombies (D:7)
  7 rats
285 creatures vanquished.

Notes
Turn   | Place    | Note
-------+----------+-------------------------------------------
     0 | D:1      | rjrrt the Minotaur Berserker began the quest for the Orb.
     0 | D:1      | Reached XP level 1. HP: 19/19 MP: 0/0
   229 | D:1      | Reached skill level 4 in Axes
   440 | D:1      | Reached XP level 2. HP: 26/26 MP: 1/1
   556 | D:1      | Found a faded altar of an unknown god.
  1144 | D:2      | Reached skill level 5 in Axes
  1144 | D:2      | Reached XP level 3. HP: 22/31 MP: 2/2
  1238 | D:2      | Found a snail-covered altar of Cheibriados.
  1378 | D:2      | Reached XP level 4. HP: 20/39 MP: 3/3
  1604 | D:2      | Reached skill level 6 in Axes
  1630 | D:2      | Found a runed translucent door.
  1631 | D:2      | Noticed Crazy Yiuf
  1637 | D:2      | Killed Crazy Yiuf
  2021 | D:3      | Reached ** piety under Trog
  2227 | D:3      | Reached XP level 5. HP: 45/45 MP: 4/4
  2286 | D:3      | Reached skill level 7 in Axes
  2286 | D:3      | Reached skill level 1 in Stealth
  2820 | D:3      | Noticed Natasha
  2831 | D:3      | Killed Natasha
  3143 | D:3      | Noticed Natasha
  3150 | D:3      | Killed Natasha
  3151 | D:3      | Reached skill level 8 in Axes
  3151 | D:3      | Reached XP level 6. HP: 51/51 MP: 5/5
  3831 | D:3      | Noticed Natasha
  3838 | D:3      | Killed Natasha
  3947 | D:4      | Noticed a sky beast
  3964 | D:4      | Killed a sky beast
  3965 | D:4      | Reached skill level 9 in Axes
  4031 | D:4      | Reached XP level 7. HP: 57/57 MP: 6/6
  4195 | D:4      | Reached skill level 10 in Axes
  4538 | D:5      | Entered Level 5 of the Dungeon
  4651 | D:5      | Reached skill level 11 in Axes
  4674 | D:5      | Reached XP level 8. HP: 66/66 MP: 7/7
  4789 | D:5      | Reached *** piety under Trog
  4863 | D:5      | Reached skill level 1 in Evocations
  6003 | D:6      | Reached skill level 5 in Fighting
  6277 | D:6      | Reached XP level 9. HP: 65/74 MP: 8/8
  6490 | D:6      | Noticed Prince Ribbit
  6496 | D:6      | Killed Prince Ribbit
  6497 | D:6      | Reached skill level 12 in Axes
  6679 | D:6      | Reached skill level 5 in Armour
  7041 | D:7      | Found a broken altar of Ashenzari.
  7111 | D:7      | Reached **** piety under Trog
  7218 | D:7      | Reached skill level 5 in Dodging
  7225 | D:7      | Found a sand-covered staircase.
  7235 | Ossuary  | Entered an ossuary
  7462 | D:7      | Found a staircase to the Ecumenical Temple.
  8040 | D:7      | Found an iron altar of Okawaru.
  8291 | D:8      | Found a glowing golden altar of the Shining One.
  8339 | D:8      | Found a staircase to the Lair.
  8422 | D:8      | Noticed a two-headed ogre
  8431 | D:8      | Killed a two-headed ogre
  8432 | D:8      | Reached skill level 1 in Throwing
  8432 | D:8      | Reached XP level 10. HP: 86/86 MP: 9/9
  8643 | Lair:1   | Entered Level 1 of the Lair of Beasts
  8716 | Lair:1   | Reached skill level 13 in Axes
  8849 | Lair:1   | Noticed a cane toad
  8853 | Lair:1   | Noticed a cane toad
  8861 | Lair:1   | Killed a cane toad
  8864 | Lair:1   | Killed a cane toad
  8979 | Lair:1   | Noticed a cane toad
  8990 | Lair:1   | Killed a cane toad
  9562 | Lair:1   | Reached ***** piety under Trog
  9733 | Lair:1   | Reached XP level 11. HP: 61/95 MP: 10/10
  9748 | Lair:1   | Found the ring of the Hare {EV+10}
 10378 | Lair:2   | Identified the +3 leather armour "Kerahux" {-Tele Will+
                  | Str+5}
 10596 | Lair:2   | Reached skill level 14 in Axes
 10693 | Lair:2   | Found a staircase to the Shoals.
 11197 | Lair:3   | Reached skill level 10 in Fighting
 11197 | Lair:3   | HP: 6/148 [poisoned by a black mamba]
 11202 | Lair:3   | HP: 1/99 [poisoned by a black mamba]
 11203 | Lair:2   | Succumbed to a black mamba's poison

Illustrated notes

Levels and vault maps discovered:
D:1:      lemuel_arrival_muddy, layout_basic, ebering_ecumenical_altar_box,
          kennysheep_pointless_box, minmay_curled_crystal
D:2:      layout_rooms, basic_altar, minmay_vboxes, uniq_crazy_yiuf_cottage
D:3:      layout_loops_corners, minmay_cut_off, uniq_natasha
D:4:      layout_rooms
D:5:      layout_basic, hex_intersection, minmay_fire_ice_demons
D:6:      layout_loops_corners, uniq_prince_ribbit1
D:7:      layout_basic, kennysheep_mini_moat, lemuel_coloured_pillars_altar,
          minmay_temple_entry_ruins, nicolae_ossuary_entry_giza,
          minmay_misc_feat_rugged
D:8:      layout_rooms, amcnicky_altar_gilded, dpeg_oklobed_lair
Lair:1:   lemuel_reptile_caves, layout_misc_corridors
Lair:2:   layout_chaotic_city, minmay_shoals_entry_centaurs, grunt_megastairs_4,
          serial_bayou_shore_b, lemuel_fruit_tree
Lair:3:   layout_roguey, dummy_spider_entry, portal_ice_cave_demonic_guard,
          st_stairs_6, nicolae_quartered_pool_medium, lemuel_fruit_fields,
          uniq_amaemon, uniq_rupert

Skill      XL: |  1  2  3  4  5  6  7  8  9 10 11 |
---------------+----------------------------------+-----
Axes           | 4 5 6 8 9 11 12 13 14 | 14.3
Stealth        | 1 |  1.0
Fighting       | 5 7 8 10 | 10.1
Armour         | 4 6 8 9 |  9.7
Evocations     | 2 4 |  4.0
Dodging        | 4 6 7 8 |  8.8
Throwing       | 1 4 |  4.0

Action                     |  1- 3 |  4- 6 |  7- 9 | 10-12 || total
---------------------------+-------+-------+-------+-------++-------
  Melee: Hand axe          |    76 |    77 |       |       ||   153
         Headbutt          |     9 |    14 |    41 |    38 ||   102
         Punch             |     1 |       |     3 |     4 ||     8
         War axe           |       |    54 |   257 |   216 ||   527
  Throw: Boomerang         |       |       |       |     2 ||     2
 Invoke: Berserk           |     2 |     6 |     2 |     1 ||    11
    Use: Scroll            |       |     6 |    15 |     3 ||    24
   Stab: Sleeping          |       |     1 |       |       ||     1
 Armour: Animal skin       |     8 |       |       |       ||     8
         Ring mail         |       |    29 |       |       ||    29
         Chain mail        |       |     8 |       |       ||     8
         Leather armour    |       |     4 |    53 |    44 ||   101
  Dodge: Dodged            |    48 |    57 |   144 |   174 ||   423

Table legend: (Time is in decaauts)
 A = Elapsed time spent in this place.
 B = Non-inter-level travel time spent in this place.
 C = Inter-level travel time spent in this place.
 D = Time resting spent in this place.
 E = Time spent auto-exploring this place.
 F = Levels seen in this place.
 G = Mean time per level.
                   A        B        C        D        E       F      G
               +--------+--------+--------+--------+--------+-----+--------+
         Total |  11266 |  10643 |    623 |   1343 |   6781 |  12 |  938.8 |
       Dungeon |   8576 |   7994 |    582 |    879 |   5320 |   8 | 1072.0 |
          Lair |   2544 |   2503 |     41 |    423 |   1460 |   3 |  848.0 |
       Ossuary |    145 |    145 |      0 |     41 |      0 |   1 |  145.0 |
               +--------+--------+--------+--------+--------+-----+--------+

Top non-repeatable levels by time:
     D:3: 1939 daAuts
  Lair:1: 1555 daAuts
     D:5: 1283 daAuts
     D:1: 1203 daAuts
     D:6: 1167 daAuts
  Lair:2: 967 daAuts
     D:7: 937 daAuts
     D:2: 815 daAuts
     D:4: 665 daAuts
     D:8: 564 daAuts
 Ossuary: 145 daAuts
  Lair:3: 22 daAuts
